FIQ, neutral male scurrid Tourist ---------- |......... |........| |........| |fr$.....| --......-- |......| ----.--- FIQ the Rambler Experience level: 1 Strength: 15 Dexterity: 9 Constitution: 14 Intelligence: 16 Wisdom: 9 Charisma: 17 Health: 4(9) Energy: 2(2) Def: 0 Gold: 185 Moves: 44 Dungeon seed: KamWN0sqzR_NzDmN Game ID: FIQ_1498602216 Your Inventory: Coins $ - 185 gold pieces Weapons a - 41 uncursed +2 darts (in quiver) Armor e - an uncursed +0 Hawaiian shirt (being worn) Comestibles b - 2 uncursed eggs c - 3 uncursed apples d - 5 uncursed food rations f - an uncursed tin of lichen g - an uncursed chestnut Scrolls i - a blessed scroll of magic mapping j - 3 uncursed scrolls of magic mapping o - an uncursed scroll of scare monster Potions h - 2 uncursed potions of extra healing Wands m - an uncursed wand of secret door detection (0:15) Tools k - an uncursed expensive camera (0:78) l - an uncursed credit card n - an uncursed leash Spells and supernatural/magical abilities: Name Level Category Fail Memory W - pray for help -- divine ? -- Your skills at the end: Miscellaneous Skills wands [Basic] Weapon Skills dart [Basic] Spellcasting Skills Final Attributes: You were devoutly aligned. You had infravision. You were very stealthy. You survived. Voluntary challenges: You went without food. You did not adorn yourself with jewelry or accessories. You did not cause conflict. You were not invisible. You did not have reflection. You were not displaced. You were an atheist. You never hit with a wielded weapon. You were a pacifist. You did not use tools. You did not use plumbed fixtures. You did not drink any magical draughts. You were illiterate. You never genocided any monsters. You never polymorphed an object. You never changed form. You used no wishes. You never split a pudding. You never wrote Elbereth's name. You never violated your personal moral code. Dungeon overview: The Dungeons of Doom: levels 1 to 13 Level 1 a fountain a long staircase Level 2 Level 3 Level 4 an altar to Blind Io, a fountain Level 5 Level 6 Level 7 Level 8 Level 9 Level 10 Level 11 Level 12 a sink Level 13 <- You were here History has recorded: On T:1 you entered the Dungeons of Doom to retrieve the Amulet of Yendor! On T:4 you reached level 2 of The Dungeons of Doom. On T:6 you reached level 3 of The Dungeons of Doom. On T:8 you reached level 4 of The Dungeons of Doom. On T:25 you reached level 5 of The Dungeons of Doom. On T:28 you reached level 6 of The Dungeons of Doom. On T:30 you reached level 7 of The Dungeons of Doom. On T:32 you reached level 8 of The Dungeons of Doom. On T:34 you reached level 9 of The Dungeons of Doom. On T:37 you reached level 10 of The Dungeons of Doom. On T:39 you reached level 11 of The Dungeons of Doom. On T:41 you reached level 12 of The Dungeons of Doom. On T:43 you reached level 13 of The Dungeons of Doom. Score breakdown: Gold: 0 ( 0 points) Experience: 1 level ( 0 points) Exploration: 13 levels ( 360 points) Discoveries: 1 item ( 50 points) Variety of kills: 0 monsters ( 0 points) Major goal: (nothing yet) ( 0 points) Survival: quit (score multiplied by 3) Total score: 1230 Latest messages: You dig a hole through the floor. You fall through... You start digging downward. You continue digging downward. You dig a pit in the floor. You continue digging downward. You dig a hole through the floor. You fall through... You start digging downward. You continue digging downward. You dig a pit in the floor. You continue digging downward. You dig a hole through the floor. You fall through... You start digging downward. You continue digging downward. You dig a pit in the floor. You continue digging downward. You dig a hole through the floor. You fall through... You start digging downward. You continue digging downward. You dig a pit in the floor. You continue digging downward. You dig a hole through the floor. You fall through... That command is only available in debug mode. Final status: Aloha FIQ the Tourist, quit... You quit in The Dungeons of Doom on dungeon level 13 with 1230 points, and 185 pieces of gold, after 44 moves. You were level 1 with a maximum of 9 hit points when you quit.